 Dungeon Crawl Stone Soup version 0.29-a0-268-g5627465c62 (webtiles) character file.

Game seed: 8640023537462229213

114 fullmetaloctopus the Sneak (level 4, -2/34 HPs)
             Began as an Octopode Delver on Mar 7, 2022.
             Slain by Robin
             ... wielding the +10 dagger of Focus {vorpal, rN++}
              (3 damage)
             ... on level 3 of the Dungeon.
             The game lasted 00:03:14 (1451 turns).

fullmetaloctopus the Sneak (Octopode Delver)        Turns: 1451, Time: 00:03:15

Health: -2/34      AC:  1    Str: 11    XL:     4   Next: 98%
Magic:  4/4        EV: 14    Int: 14    God:
Gold:   23         SH:  0    Dex: 13    Spells: 3/3 levels left

rFire   . . .      SeeInvis .   a - +0 short sword
rCold   . . .      Faith    .   (no shield)
rNeg    . . .      Spirit   .   (helmet restricted)
rPois   .          Reflect  .   (no amulet)
rElec   .          Harm     .   (no ring)
rCorr   .          Rampage  .   (no ring)
Will    .....                   (no ring)
Stlth   ++++......              (no ring)
HPRegen 0.11/turn               (no ring)
MPRegen 0.09/turn               (no ring)
                                (no ring)
                                (no ring)

@: no status effects
A: almost no armour, amphibious, 8 rings, camouflage 1, gelatinous body 1,
(nimble swimmer 1), tentacles
a: no special abilities


You were on level 3 of the Dungeon.
You visited 1 branch of the dungeon, and saw 5 of its levels.

You collected 23 gold pieces.

Inventory:

Hand Weapons
 a - a +0 short sword (weapon)
 i - a +0 long sword
Missiles
 j - a poisoned dart
 m - 5 boomerangs (quivered)
Magical Staves
 h - a staff of death
Wands
 f - a wand of digging (3) {@v3}
Scrolls
 b - a scroll of fog
 k - a scroll of summoning {unknown}
 l - a scroll of teleportation {unknown}
 o - a scroll of identify {unknown}
Potions
 c - a potion of magic {unknown}
 e - a potion of haste {@q4}
 g - a potion of heal wounds {unknown}
 n - 2 potions of curing {unknown}


   Skills:
 * Level 4.8 Fighting
 - Level 2.0 Short Blades
 + Level 3.2 Dodging
 - Level 6.6 Stealth


You had 3 spell levels left.
You didn't know any spells.
Your spell library contained the following spells:

 Spells                   Type           Power      Damage    Failure   Level
 Ozocubu's Armour         Ice            0%         N/A       65%         3
 Metabolic Englaciation   Hex/Ice        0%         N/A       100%        5
 Simulacrum               Ice/Necr       0%         N/A       100%        6


Dungeon Overview and Level Annotations

Branches:
Dungeon (6/15)
 Temple: D:4-7

Altars:

Annotations:
D:2 Sigmund
D:3 exclusion: hobgoblin, Ijyb, Robin
D:6 Pikel


Innate Abilities, Weirdness & Mutations

You cannot wear most types of armour.
You are amphibious.
You can wear up to eight rings at the same time.
Your skin changes colour to match your surroundings (Stealth+).
Your rubbery body absorbs attacks. (AC +1, EV +1)
((You are camouflaged when in or above water. (Stealth+)))
You have tentacles for arms and can constrict up to eight enemies at once.


Message History

You start waiting.
Robin of the Strong Arm opens the door.
They are wielding the +10 dagger of Focus {vorpal, rN++}.
Throw: 5 boomerangs
Aim: Robin, wielding the +10 dagger of Focus {vorpal, rN++}, wearing a +0 animal skin and wearing a +0 helmet (wandering, hasn't noticed you, 67% to hit)
You throw a boomerang.
Robin shouts!
The boomerang hits Robin but does no damage.
Robin's bangles clink loudly.
Robin throws the goblin at you!
Robin roars a battlecry!
The goblins go into a battle-frenzy!
The goblin attacks as you move away! The goblin hits you with a +0 club.
The goblin attacks as you move away! The goblin hits you with a +0 club.
The goblin attacks as you move away! The goblin hits you with a +0 club.
The goblin attacks as you move away! The goblin completely misses you.
The goblin no longer looks unusually strong.
Robin roars a battlecry!
The goblin goes into a battle-frenzy!
You hear a shout!
The goblin attacks as you move away! The goblin closely misses you.
The goblin attacks as you move away! The goblin hits you with a +0 club!
You hit the goblin. You grab the goblin. You constrict the goblin.
You kill the goblin!
Robin roars a battlecry!
You hear a shout!
Robin says, "A pitiful Octopus like you will never find the ORB!"
There is an open door here.
You close the door.
You see here a +0 quarterstaff.
You start resting.
Robin is nearby!
You hit Robin. Your grab misses Robin.
Robin roars a battlecry!
You hit Robin. You grab Robin. You constrict Robin.
Robin hits you with the +10 dagger of Focus {vorpal, rN++}!
* * * LOW HITPOINT WARNING * * *
x2
Okay, then.
You hit Robin but do no damage. You constrict Robin, but do no damage.
Robin hits you with the +10 dagger of Focus {vorpal, rN++}.
You die...

################################
#................g..............
#......################....#####
#......# #.)......+....'.###
#......# #g########....#.#..
##...### #.@......######.#.#
#>..# #........# #.#..
.##...##### #........# #.#.#
..........# #........# #.#<#
####.####.# #........#### #.#.#
#.# #....)...+..# #.#..
####.####..##
##.......##.###.###
............. '.......'.........
..)..#####.## #.......##.#######


You could see Robin.

Vanquished Creatures
  2 hounds (D:3)
  Natasha (D:3)
  An adder (D:4)
  A bat (D:3)
  An endoplasm (D:4)
  2 giant cockroaches
  4 goblins
  3 hobgoblins
  3 jackals (D:2)
  A kobold (D:3)
  A rat (D:3)
20 creatures vanquished.

Notes
Turn   | Place    | Note
-------+----------+-------------------------------------------
     0 | D:5      | fullmetaloctopus the Octopode Delver began the quest for
                  | the Orb.
     0 | D:5      | Reached XP level 1. HP: 16/16 MP: 1/1
     1 | D:6      | Noticed Pikel
     1 | D:6      | Noticed a lemure
     1 | D:6      | Noticed a lemure
    17 | D:5      | Noticed a necrophage
    48 | D:5      | Noticed a jelly
   206 | D:4      | Reached XP level 2. HP: 21/21 MP: 2/2
   286 | D:3      | Noticed Ijyb
   630 | D:2      | Noticed Sigmund
   723 | D:3      | Reached XP level 3. HP: 27/27 MP: 3/3
   859 | D:3      | Noticed Natasha
   865 | D:3      | Killed Natasha
   866 | D:3      | Reached XP level 4. HP: 11/34 MP: 4/4
  1172 | D:3      | Noticed Robin
  1281 | D:3      | Identified the +10 dagger of Focus {vorpal, rN++}
  1450 | D:3      | HP: 1/34 [Robin/the +10 dagger of Focus {vorpal, rN++} (3)]
  1451 | D:3      | Slain by Robin

Illustrated notes

Levels and vault maps discovered:
D:2:      layout_basic, basic_altar, uniq_sigmund
D:3:      layout_basic, uniq_ijyb, uniq_natasha, uniq_robin
D:4:      layout_rooms
D:5:      layout_basic, serial_shops, nicolae_diamond_shop,
          nicolae_shop_sticking_my_neck_out, uniq_eustachio
D:6:      layout_rooms, mainiacjoe_overflow_cross_hatched, portal_sewer_entry_c,
          uniq_grinder, uniq_menkaure, uniq_pikel

Skill      XL: |  1  2  3 |
---------------+----------+-----
Fighting       | 4 |  4.8
Dodging        | 3 |  3.2
Short Blades   | |  2.0
Stealth        | |  6.6

Action                   |  1- 3 |  4- 6 || total
-------------------------+-------+-------++-------
Melee: Short sword       |    27 |    11 ||    38
       Constrict         |     5 |     4 ||     9
       Tentacles         |     4 |     3 ||     7
Throw: Dart              |     1 |     2 ||     3
       Boomerang         |       |     2 ||     2
  Use: Scroll            |     1 |     1 ||     2
 Stab: Sleeping          |     6 |       ||     6
Armor: Skin              |     2 |       ||     2
Dodge: Dodged            |    11 |     5 ||    16

Table legend: (Time is in decaauts)
 A = Elapsed time spent in this place.
 B = Non-inter-level travel time spent in this place.
 C = Inter-level travel time spent in this place.
 D = Time resting spent in this place.
 E = Time spent auto-exploring this place.
 F = Levels seen in this place.
 G = Mean time per level.
                   A        B        C        D        E       F      G
               +--------+--------+--------+--------+--------+-----+--------+
         Total |   1451 |   1446 |      5 |    767 |    284 |   5 |  290.2 |
       Dungeon |   1451 |   1446 |      5 |    767 |    284 |   5 |  290.2 |
               +--------+--------+--------+--------+--------+-----+--------+

Top non-repeatable levels by time:
     D:3: 916 daAuts
     D:2: 287 daAuts
     D:4: 191 daAuts
     D:5: 53 daAuts
     D:6: 1 daAuts
